 Dungeon Crawl Stone Soup version 0.31-a0-1074-g0b22e4e0f1 (webtiles) character file.

Game seed: 8940422784691641969

1178 grandjackal the Trooper (level 8, -1/67 HPs)
             Began as a Demonspawn Gladiator on Dec 3, 2023.
             Slain by Pikel
             ... wielding a +2 whip of freezing
              (5 damage)
             ... on level 5 of the Dungeon.
             The game lasted 00:05:19 (4340 turns).

grandjackal the Trooper (Demonspawn Gladiator)      Turns: 4340, Time: 00:05:20

Health: -1/67      AC: 13    Str: 16    XL:     8   Next: 18%
Magic:  8/8        EV: 11    Int: 10    God:
Gold:   368        SH:  0    Dex: 15    Spells: 7/7 levels left

rFire   . . .        a - +0 war axe
rCold   . . .        (no shield)
rNeg    . . .        s - +3 ring mail
rPois   .            c - +0 helmet
rElec   .            l - +0 cloak
rCorr   +            (no gloves)
SInv    .            y - +0 pair of boots
Will    .....        (no amulet)
Stlth   +            o - ring of resist corrosion
HPRegen 0.31/turn    (no ring)
MPRegen 0.11/turn

%: no passive effects
@: no status effects
A: molten scales 1, demonic guardian 1, ignite blood 2
a: no special abilities


You were on level 5 of the Dungeon.
You visited 1 branch of the dungeon, and saw 5 of its levels.

You collected 368 gold pieces.

Inventory:

Hand Weapons
 a - a +0 war axe (weapon)
Missiles
 d - 3 throwing nets (quivered)
 e - a javelin
Armour
 c - a +0 helmet (worn)
 l - a +0 cloak (worn)
 s - a +3 ring mail (worn)
 y - a +0 pair of boots (worn)
Jewellery
 o - a ring of resist corrosion (left hand)
Wands
 i - a wand of charming (12)
 x - a wand of flame (48)
Scrolls
 b - 4 scrolls of revelation {unknown}
 f - 4 scrolls of identify {unknown}
 j - 2 scrolls of teleportation {unknown}
 k - a scroll of torment {unknown}
 n - a scroll of immolation {unknown}
 r - a scroll of enchant armour {unknown}
 v - a scroll of poison {unknown}
 w - a scroll of fear {unknown}
Potions
 g - a potion of degeneration {unknown}
 h - 3 potions of resistance {unknown}
 m - 3 potions of curing {unknown}
 p - a potion of invisibility {unknown}
 q - 2 potions of heal wounds {unknown}
 t - a potion of ambrosia {unknown}
 u - a potion of mutation {unknown}


   Skills:
 + Level 7.0 Fighting
 + Level 6.8 Axes
 - Level 2.0 Throwing
 - Level 3.0 Dodging


You had 7 spell levels left.
You didn't know any spells.
Your spell library contained the following spells:

 Spells                   Type           Power      Damage    Failure   Level
 Kiss of Death            Conj/Necr      0%         2d5       58%         1
 Summon Small Mammal      Summ           0%         N/A       58%         1
 Call Canine Familiar     Summ           0%         N/A       91%         3
 Confusing Touch          Hex            0%         N/A       91%         3
 Summon Guardian Golem    Hex/Summ       0%         N/A       91%         3
 Dispel Undead            Necr           0%         3d6       100%        4


Dungeon Overview and Level Annotations

Branches:
Dungeon (5/15)
 Temple: D:4-7

Altars:
Ashenzari
Ru
Sif Muna

Shops:
D:2 =

Annotations:
D:3 2 transporters, notbees's ghost, weakling DsBe
D:5 Pikel


Innate Abilities, Weirdness & Mutations

You are partially covered in molten scales. (AC +2)
A weak demonic guardian rushes to your aid.
Your demonic aura often causes spilled blood to erupt in flames.


Message History

Pikel freezes you.
You barely miss Pikel.
Pikel is lightly wounded.
Pikel hits you with a +2 whip of freezing!
Pikel freezes you.
You barely miss Pikel.
Pikel is lightly wounded.
Pikel barely misses you.
Pikel hits you with a +2 whip of freezing.
* * * LOW HITPOINT WARNING * * *
Pikel freezes you.
* * * LOW HITPOINT WARNING * * *
An iguana comes into view.
The iguana hisses angrily.
The iguana bites you!
* * * LOW HITPOINT WARNING * * *
A demonic guardian appears!
You hit the iguana.
The iguana is moderately wounded.
The iguana bites you!
* * * LOW HITPOINT WARNING * * *
Your white imp hits the iguana.
Your white imp freezes the iguana.
Unknown command.
You hit the iguana but do no damage.
The iguana is severely wounded.
The iguana bites you but does no damage.
Your white imp hits the iguana but does no damage.
Unknown command.
You barely miss the iguana.
The iguana is severely wounded.
Your white imp gestures at the iguana.
The puff of frost hits the iguana.
The iguana barely misses your white imp.
Unknown command.
You hit the iguana.
The iguana is almost dead.
You closely miss Pikel.
Pikel hits you with a +2 whip of freezing.
You die...
Pikel says, "See you in Hell!"

.....................#
.......#.###########K#
########.# #.# # ...
#.# # ##..# #####K###
# #..# #.......# ..
#..# #.###.#.# .##
#..# #K# #.#.# .. #@#
#.# # ... #l# #.# ####
5.. ... #..###.# #..#
.# #..# #..# ....


You could see Pikel, an iguana (ally target) and a friendly white imp
(summoned).

Vanquished Creatures
  Grinder (D:3)
  Menkaure (D:5)
  Duvessa (D:4)
  An orc warrior (D:5)
  An ogre (D:4)
  Blork the orc (D:4)
  Dowan (D:4)
  2 hounds
  An orc priest (D:5)
  An iguana (D:5)
  A sleepcap (D:4)
  Ijyb (D:3)
  3 orc wizards
  4 gnolls
  3 adders
  A shadow imp (D:5)
  2 worms (D:2)
  3 dart slugs
  11 orcs
  3 endoplasms
  2 giant cockroaches (D:1)
  5 goblins
  6 hobgoblins
  3 jackals (D:4)
  2 quokkas
  8 ball pythons
  5 bats
  A frilled lizard (D:3)
  10 kobolds
  6 rats
91 creatures vanquished.

Vanquished Creatures (collateral kills)
  A scorpion (D:5)
  A worm (D:4)
  An endoplasm (D:1)
3 creatures vanquished.

Grand Total: 94 creatures vanquished

Notes
Turn   | Place    | Note
-------+----------+-------------------------------------------
     0 | D:1      | grandjackal the Demonspawn Gladiator began the quest for
                  | the Orb.
     0 | D:1      | Reached XP level 1. HP: 16/16 MP: 1/1
    30 | D:1      | Found a faded altar of an unknown god.
    89 | D:1      | Gained mutation: A weak demonic guardian rushes to your
                  | aid. [demonic ancestry]
    89 | D:1      | Reached XP level 2. HP: 22/22 MP: 2/2
   907 | D:2      | Found a transporter.
   911 | D:2      | Found Gujad's Jewellery Shop.
   913 | D:2      | Found a transporter.
   999 | D:2      | Gained mutation: You are partially covered in molten
                  | scales. (AC +2) [demonic ancestry]
   999 | D:2      | Reached XP level 3. HP: 25/28 MP: 3/3
  1365 | D:2      | Reached skill level 3 in Fighting
  1483 | D:3      | Gained mutation: Your demonic aura sometimes causes spilled
                  | blood to erupt in flames. [demonic ancestry]
  1483 | D:3      | Reached XP level 4. HP: 22/35 MP: 4/4
  1838 | D:2      | Reached XP level 5. HP: 42/42 MP: 5/5
  2299 | D:3      | Noticed Ijyb
  2317 | D:3      | Killed Ijyb
  2362 | D:3      | Reached skill level 4 in Fighting
  2384 | D:3      | Noticed Grinder
  2395 | D:3      | Paralysed by Grinder for 4 turns
  2413 | D:3      | HP: 2/42 [Grinder (3)]
  2414 | D:3      | Killed Grinder
  2415 | D:3      | Reached XP level 6. HP: 3/50 MP: 6/6
  2631 | D:3      | Identified the +4 spear "Enaoreh" {venom, rC+++ Str-3 Int+2
                  | Dex+4}
  3247 | D:3      | Found a transporter.
  3260 | D:3      | Found a transporter.
  3260 | D:3      | Noticed notbees's ghost (weakling DsBe)
  3308 | D:4      | Reached skill level 5 in Fighting
  3308 | D:4      | Reached skill level 5 in Axes
  3454 | D:4      | Gained mutation: Your demonic aura often causes spilled
                  | blood to erupt in flames. [demonic ancestry]
  3454 | D:4      | Reached XP level 7. HP: 54/56 MP: 7/7
  3491 | D:4      | Found a shimmering blue altar of Sif Muna.
  3561 | D:4      | Found a broken altar of Ashenzari.
  3582 | D:4      | Noticed Blork the orc
  3584 | D:4      | Noticed Duvessa
  3585 | D:4      | Noticed Dowan
  3590 | D:4      | Killed Blork the orc
  3592 | D:4      | Killed Duvessa
  3593 | D:4      | Reached skill level 6 in Fighting
  3601 | D:4      | Killed Dowan
  3949 | D:5      | Entered Level 5 of the Dungeon
  3975 | D:5      | Found a sacrificial altar of Ru.
  4139 | D:5      | Reached XP level 8. HP: 60/65 MP: 8/8
  4184 | D:5      | Noticed Menkaure
  4192 | D:5      | HP: 1/65 [Menkaure (11)]
  4192 | D:5      | Killed Menkaure
  4193 | D:5      | Reached skill level 7 in Fighting
  4287 | D:5      | Noticed Pikel
  4337 | D:5      | HP: 3/67 [iguana (11)]
  4340 | D:5      | Slain by Pikel

Illustrated notes

Levels and vault maps discovered:
D:1:      denvon_arrival_hothouse, layout_basic,
          hellmonk_ecumenical_altar_lost_god, minmay_misc_feat_iff
D:2:      layout_basic, serial_shops, nicolae_shop_drivethru, minivault_5
D:3:      layout_basic, gammafunk_ghost_gnarly_gnolls, uniq_grinder, uniq_ijyb
D:4:      layout_rooms, ashenzari_altar_1, mainiacjoe_overflow_six_doors_small,
          uniq_duvessa, uniq_blork_the_orc
D:5:      layout_loops_ring, mainiacjoe_overflow_concentric_impassable,
          kennysheep_little_box, guppyfry_early_orc_mine, uniq_pikel,
          uniq_menkaure

Skill      XL: |  1  2  3  4  5  6  7  8 |
---------------+-------------------------+-----
Throwing       | 2 |  2.0
Dodging        | 3 |  3.0
Axes           | 3 4 5 6 |  6.8
Fighting       | 3 4 5 6 7 |  7.0

Action                     |  1- 3 |  4- 6 |  7- 9 || total
---------------------------+-------+-------+-------++-------
  Melee: War axe           |   121 |   116 |    83 ||   320
         Punch             |       |     1 |       ||     1
  Evoke: Wand              |       |       |     1 ||     1
   Stab: Distracted        |       |       |     1 ||     1
 Armour: Leather armour    |    10 |       |       ||    10
         Ring mail         |    65 |    68 |    75 ||   208
  Dodge: Dodged            |    86 |    70 |    43 ||   199

Table legend: (Time is in decaauts)
 A = Elapsed time spent in this place.
 B = Non-inter-level travel time spent in this place.
 C = Inter-level travel time spent in this place.
 D = Time resting spent in this place.
 E = Time spent auto-exploring this place.
 F = Levels seen in this place.
 G = Mean time per level.
                   A        B        C        D        E       F      G
               +--------+--------+--------+--------+--------+-----+--------+
         Total |   4432 |   4337 |     95 |    731 |   2727 |   5 |  886.4 |
       Dungeon |   4432 |   4337 |     95 |    731 |   2727 |   5 |  886.4 |
               +--------+--------+--------+--------+--------+-----+--------+

Top non-repeatable levels by time:
     D:2: 1339 daAuts
     D:3: 1143 daAuts
     D:1: 891 daAuts
     D:4: 660 daAuts
     D:5: 397 daAuts
